Map: 2000 Atmospheres LE

Players

Launcelot - Winner!

  • Race: Zerg Zerg
  • League: Diamond

Horizon

  • Race: Terran Terran
  • League: Diamond

VOD

Have the link to the VOD?

Description

Time

  • Played on: Feb. 27, 2022, 10:25 a.m.
  • Length: 12:59
Show
View Real Time Build Order
Export as new Build Order

Launcelot Zerg - Winner!

Build Orders: Hatch First, Swarm Host 

Get SALT Encoding   

  12  0:00  Drone  
  13  0:08  Drone  
  14  0:18  Overlord  
  14  0:22  Extractor  
  14  0:23  Drone  
  15  0:38  Drone x2  
  17  0:52  Hatchery  
  17  0:54  Drone  
  17  0:58  Drone  
  18  1:09  Extractor  
  17  1:13  Spawning Pool  
  17  1:15  Drone  
  17  1:21  Drone  
  18  1:28  Drone  
  19  1:43  Hatchery  
  19  1:46  Drone  
  19  2:04  Queen x2  
  19  2:07  Zergling x2  
  24  2:09  Zergling x2  
  24  2:15  Overlord  
  25  2:20  Drone  
  25  2:22  Drone  
  27  2:25  Drone  
  28  2:33  Drone x2  
  30  2:37  Drone  
  31  2:46  Drone  
  31  2:50  Drone  
  33  2:55  Drone x2  
  33  2:56  Queen  
  33  2:58  Queen  
  39  3:02  Overlord  
  39  3:06  Metabolic Boost  
  39  3:15  Drone x3  
  39  3:17  Overlord  
  42  3:20  Overlord  
  42  3:22  Drone  
  42  3:24  Drone  
  42  3:25  Drone  
  45  3:30  Drone x2  
  45  3:31  Drone  
  48  3:49  Queen x2  
  48  3:50  Drone  
  48  3:51  Drone x4  
  48  3:52  Overlord  
  57  4:04  Drone  
  57  4:06  Overlord x2  
  58  4:15  Drone x5  
  63  4:19  Spore Crawler  
  63  4:20  Drone, Spore Crawler x2  
  63  4:21  Drone x3  
  64  4:29  Zergling x4  
  66  4:37  Drone, Extractor  
  66  4:38  Drone  
  67  4:39  Extractor  
  67  4:40  Lair  
  67  4:41  Extractor  
  67  4:42  Roach Warren, Extractor, Evolution Chamber  
  67  4:45  Evolution Chamber  
  61  4:48  Overlord  
  61  4:51  Drone x4  
  61  4:52  Drone x2  
  67  4:53  Drone  
  68  5:04  Overlord  
  68  5:05  Overlord x2  
  68  5:11  Drone x2  
  68  5:12  Drone x5  
  75  5:14  Zerg Missile Weapons Level 1  
  75  5:21  Drone  
  75  5:22  Drone x2  
  78  5:38  Hatchery  
  77  5:46  Zerg Ground Armor Level 1, Infestation Pit  
  77  5:48  Glial Reconstitution  
  77  5:49  Roach  
  84  5:50  Roach x6  
  84  5:54  Drone  
  84  5:55  Drone  
  92  5:59  Zergling x10  
  97  6:08  Overseer  
  97  6:27  Hive  
  97  6:40  Nydus Network  
  93  7:00  Overseer  
  90  7:15  Roach x6  
  102  7:16  Roach x3  
  102  7:22  Drone x3  
  111  7:23  Drone  
  111  7:24  Overlord x6  
  111  7:25  Zerg Missile Weapons Level 2, Overlord  
  112  7:33  Hatchery  
  111  7:46  Swarm Host x9  
  137  7:54  Extractor x2  
  137  7:57  Spine Crawler  
  134  8:00  Spine Crawler  
  134  8:04  Spine Crawler, Overlord x3  
  132  8:06  Drone x4, Spine Crawler  
  132  8:08  Spine Crawler  
  132  8:11  Extractor  
  133  8:13  Overseer  
  133  8:19  Nydus Canal  
  133  8:25  Drone x3  
  133  8:26  Drone x4  
  139  8:32  Hydralisk Den, Pathogen Glands  
  138  8:37  Ravager  
  139  8:43  Overlord x3  
  139  8:44  Overlord  
  139  8:48  Baneling Nest  
  129  9:04  Nydus Canal  
  126  9:15  Spire  
  124  9:21  Swarm Host x4  
  124  9:23  Overlord x2  
  136  9:29  Neural Parasite  
  136  9:33  Ravager  
  136  9:34  Ravager  
  138  9:48  Hatchery  
  137  9:53  Grooved Spines  
  137  10:00  Spore Crawler  
  137  10:01  Spore Crawler  
  137  10:06  Nydus Canal  
  135  10:09  Ravager x2  
  135  10:10  Ravager  
  138  10:20  Roach x4  
  138  10:21  Roach  
  148  10:40  Nydus Canal  
  148  10:42  Zergling x2  
  149  10:43  Zergling x8  
  149  10:46  Overlord x2  
  149  10:48  Drone x4  
  149  10:49  Drone, Overseer  
  158  10:51  Burrow, Pneumatized Carapace  
  158  11:03  Zerg Flyer Weapons Level 1  
  158  11:04  Muscular Augments  
  158  11:07  Nydus Canal  
  158  11:21  Roach  
  158  11:22  Roach x5  
  169  11:30  Drone x3  
  169  11:31  Drone x6  
  169  11:32  Drone x3  
  181  11:49  Hydralisk x6  
  181  11:50  Hydralisk x3  
  199  12:02  Nydus Canal  
  196  12:20  Spore Crawler  
  196  12:21  Spine Crawler  
  196  12:22  Spore Crawler  
  190  12:24  Spine Crawler  
  190  12:27  Spine Crawler  
  190  12:28  Spine Crawler  
Show
View Real Time Build Order
Export as new Build Order

Horizon Terran 

Build Orders: Mech 

Get SALT Encoding   

  12  0:00  SCV  
  13  0:12  SCV  
  14  0:17  Supply Depot  
  14  0:24  SCV  
  15  0:29  Refinery  
  15  0:39  SCV  
  16  0:47  Barracks  
  16  0:51  SCV  
  17  0:58  Refinery  
  17  1:03  SCV  
  18  1:15  SCV  
  19  1:28  SCV  
  20  1:36  Marine  
  20  1:37  Factory  
  21  1:41  Orbital Command  
  21  1:50  Supply Depot  
  21  1:54  Marine  
  22  2:08  SCV  
  23  2:20  SCV  
  24  2:23  Factory Tech Lab  
  24  2:36  SCV  
  25  2:39  Command Center  
  25  2:46  Siege Tank  
  25  2:48  SCV  
  29  3:00  Barracks Reactor, Supply Depot, SCV  
  30  3:10  Starport  
  30  3:17  SCV  
  31  3:22  Siege Tank  
  34  3:29  SCV  
  35  3:42  SCV  
  36  3:52  Supply Depot  
  36  3:53  Supply Depot  
  36  3:55  Viking  
  38  3:57  Barracks Reactor  
  38  4:02  Siege Tank  
  41  4:04  Refinery  
  41  4:11  SCV  
  41  4:16  Orbital Command, Factory  
  42  4:50  Medivac  
  42  4:52  SCV x2  
  46  4:53  Armory  
  46  4:57  Refinery  
  46  5:04  Factory, SCV x2  
  48  5:11  Siege Tank, Widow Mine x2  
  55  5:16  SCV x2  
  57  5:28  SCV x2  
  57  5:32  Armory, Widow Mine x2  
  57  5:33  Supply Depot  
  63  5:40  SCV x2  
  65  5:52  SCV  
  65  5:54  Command Center, Infernal Pre-Igniter  
  66  6:03  Hellion x2  
  70  6:04  SCV  
  70  6:10  Hellion  
  73  6:15  Hellion  
  75  6:18  Starport Reactor  
  75  6:21  Terran Vehicle Weapons Level 1  
  75  6:24  SCV x2  
  75  6:25  Terran Vehicle And Ship Armor Level 1  
  77  6:35  Supply Depot  
  77  6:45  Siege Tank  
  78  6:54  Hellion  
  78  6:56  Hellion x3  
  78  6:57  Supply Depot  
  78  7:03  Liberator x2  
  78  7:06  Starport  
  84  7:15  Supply Depot  
  84  7:16  Factory  
  84  7:20  Siege Tank  
  87  7:28  SCV x2  
  89  7:50  Command Center  
  83  7:52  Bunker, Engineering Bay  
  81  8:02  Factory Tech Lab  
  81  8:03  Starport Reactor  
  81  8:05  Factory  
  81  8:23  Hellion x4  
  81  8:24  Siege Tank  
  90  8:38  Orbital Command  
  88  8:44  Hellion x2  
  80  8:56  Siege Tank  
  81  9:12  Factory Tech Lab  
  81  9:14  Thor  
  81  9:15  Liberator x2  
  96  9:22  Viking  
  92  9:26  SCV  
  92  9:27  SCV  
  92  9:28  Siege Tank  
  92  9:29  Liberator, Refinery  
  92  9:31  Refinery  
  97  9:37  Hellion x2  
  92  9:56  Missile Turret x2  
  92  10:00  Siege Tank  
  68  10:44  Liberator x2  
  72  10:52  Starport Reactor  
  72  10:55  Command Center  
  72  10:59  Command Center  
  72  11:02  Thor  
  72  11:03  Siege Tank  
  83  11:04  Hellion  
  83  11:05  Hellion  
  78  11:25  Hellion  
  78  11:27  Viking x2  
  78  11:32  Supply Depot  
  76  11:55  Orbital Command  
  76  11:58  Refinery  
  70  12:32  SCV x3  
Tags
 
Add a new tag
Caveats
  • Supply blocks, unpowered buildings, or Contaminate may cause inaccurate times.
  • Supply counts are checked every 10 seconds.